 Dungeon Crawl Stone Soup version 0.30.0-3-ga4e48a9924 (webtiles) character file.

Game seed: 17254015932464005206

46 Exaltedone87 the Chopper (level 3, -2/28 HPs)
             Began as a Demonspawn Gladiator on May 7, 2023.
             Killed by nerve-wracking pain
             ... invoked by an orc priest
              (9 damage)
             ... on level 3 of the Dungeon.
             The game lasted 00:03:46 (1257 turns).

Exaltedone87 the Chopper (Demonspawn Gladiator)     Turns: 1257, Time: 00:03:46

Health: -2/28      AC:  6    Str: 16    XL:     3   Next: 46%
Magic:  3/3        EV: 13    Int:  9    God:
Gold:   141        SH:  0    Dex: 18    Spells: 2/2 levels left

rFire   . . .        a - +0 war axe
rCold   . . .        (no shield)
rNeg    . . .        b - +0 leather armour
rPois   .            c - +1 helmet
rElec   .            (no cloak)
rCorr   .            (no gloves)
SInv    .            g - +0 pair of boots
Will    .....        (no amulet)
Stlth   +++          (no ring)
HPRegen 0.24/turn    (no ring)
MPRegen 0.08/turn

%: no passive effects
@: no status effects
A: thin skeletal structure 2
a: no special abilities


You were on level 3 of the Dungeon.
You visited 1 branch of the dungeon, and saw 3 of its levels.

You collected 141 gold pieces.

Inventory:

Hand Weapons
 a - a +0 war axe (weapon)
Missiles
 d - 3 throwing nets (quivered)
 e - a javelin
Armour
 b - a +0 leather armour (worn)
 c - a +1 helmet (worn)
 g - a +0 pair of boots (worn)
Jewellery
 l - an amulet of the acrobat
Potions
 f - a potion of haste {unknown}
 i - 2 potions of magic
 j - a potion of heal wounds {unknown}


   Skills:
 + Level 2.5 Fighting
 * Level 3.3 Axes
 - Level 1.7 Throwing
 + Level 1.0 Armour
 + Level 3.0 Dodging


You had 2 spell levels left.
You didn't know any spells.
Your spell library contained the following spells:

 Spells                   Type           Power      Damage    Failure   Level
 Foxfire                  Conj/Fire      0%         2x1d4     45%         1
 Shock                    Conj/Air       0%         1d3       45%         1
 Swiftness                Air            0%         N/A       83%         3
 Airstrike                Air            0%         2d(0-16)  99%         4
 Fireball                 Conj/Fire      0%         3d3       100%        5
 Plasma Beam              Fire/Air       0%         2x1d11    100%        6
 Starburst                Conj/Fire      0%         6d3       100%        6


Dungeon Overview and Level Annotations

Branches:
Dungeon (3/15)

Altars:
Vehumet

Annotations:
D:3 1 runed translucent door


Innate Abilities, Weirdness & Mutations

You have a moderately thin skeletal structure. (Dex +4, Stealth++)


Message History

You hit the orc priest but do no damage.
The orc completely misses you.
The orc priest hits you with a +0 dagger.
You hit the orc priest.
The orc priest is heavily wounded.
You hit the orc.
The orc priest hits you but does no damage.
The orc hits you with a +0 mace. The orc barely misses you.
The quokka bites you.
You hit the orc priest.
The orc priest is heavily wounded.
You hit the orc but do no damage. You closely miss the quokka.
The orc barely misses you. The orc priest closely misses you.
The orc hits you but does no damage. The quokka misses you.
The orc hits you with a +0 mace.
The orc priest hits you but does no damage.
The orc barely misses you. The quokka bites you.
You slash the orc priest!
The orc priest is almost dead.
You hit the orc.
You kill the orc!
You hit the quokka but do no damage. The quokka bites you.
The orc priest hits you with a +0 dagger.
The orc hits you but does no damage.
You hit the orc priest but do no damage.
The orc priest is almost dead.
You closely miss the quokka. The quokka closely misses you.
The orc priest invokes the aid of Beogh against you.
Pain shoots through your body!
* * * LOW HITPOINT WARNING * * *
The orc barely misses you. The quokka closely misses you.
You hit the orc priest but do no damage.
The orc priest is almost dead.
You barely miss the quokka. The orc closely misses you.
The orc priest barely misses you.
The quokka bites you but does no damage.
The orc closely misses you.
The orc priest invokes the aid of Beogh against you.
Pain shoots through your body!
You die...

.......#.#
###........
.........##
.......#####
#.#.#.+SS~~
#.....######
#.or........
#o)@<...#
#.........###
#####....##
#....# #.$..#
######


You could see an orc priest, 2 adders, an orc and a quokka.

Vanquished Creatures
  An adder (D:2)
  An orc (D:3)
  4 ball pythons
  7 endoplasms
  4 goblins
  5 hobgoblins
  2 quokkas
  3 bats (D:1)
  A frilled lizard (D:2)
  4 kobolds
  A rat (D:2)
33 creatures vanquished.

Notes
Turn   | Place    | Note
-------+----------+-------------------------------------------
     0 | D:1      | Exaltedone87 the Demonspawn Gladiator began the quest for
                  | the Orb.
     0 | D:1      | Reached XP level 1. HP: 16/16 MP: 1/1
   334 | D:1      | Gained mutation: You have a somewhat thin skeletal
                  | structure. (Dex +2, Stealth+) [demonic ancestry]
   334 | D:1      | Reached XP level 2. HP: 22/22 MP: 2/2
   917 | D:2      | Gained mutation: You have a moderately thin skeletal
                  | structure. (Dex +4, Stealth++) [demonic ancestry]
   917 | D:2      | Reached XP level 3. HP: 28/28 MP: 3/3
  1024 | D:2      | Found a radiant altar of Vehumet.
  1157 | D:2      | Reached skill level 1 in Armour
  1250 | D:3      | Found a runed translucent door.
  1257 | D:3      | Killed from afar by an orc priest

Illustrated notes

Levels and vault maps discovered:
D:1:      dpeg_arrival_pits, layout_basic
D:2:      layout_rooms, basic_altar
D:3:      layout_rooms, ebering_ghost_sewer_d

Skill      XL: |  1  2  3 |
---------------+----------+-----
Axes           | 3 |  3.3
Dodging        | 3 |  3.0
Armour         | 1 |  1.0
Fighting       | |  2.5
Throwing       | |  1.7

Action                     || total
---------------------------++-------
  Melee: War axe           ||    76
    Use: Scroll            ||     6
   Stab: Sleeping          ||     2
 Armour: Leather armour    ||    31
  Dodge: Dodged            ||    59
